 Dungeon Crawl Stone Soup version 0.24-a0-459-g225fefd530 (webtiles) character file.

Game seed: 12680640427898918427

177 vurker the Digger (level 5, -4/31 HPs)
             Began as a Gargoyle Earth Elementalist on June 28, 2019.
             Slain by an ice beast (7 damage)
             ... on level 3 of the Dungeon.
             The game lasted 00:05:01 (2794 turns).

vurker the Digger (Gargoyle Earth Elementalist)     Turns: 2794, Time: 00:05:02

Health: -4/31      AC:  6    Str: 11    XL:     5   Next: 57%
Magic:  3/9        EV: 12    Int: 17    God:
Gold:   90         SH:  0    Dex: 10    Spells: 4/10 levels left

rFire    . . .     SeeInvis .   m - +0 dagger
rCold    . . .     Gourm    .   (no shield)
rNeg     + . .     Faith    .   c - +0 robe
rPois    ∞         Spirit   .   (no helmet)
rElec    +         Reflect  .   (no cloak)
rCorr    .         Harm     .   (no gloves)
MR       .....                  (no boots)
Stlth    ++........             (no amulet)
HPRegen  0.10/turn              (no ring)
MPRegen  0.11/turn              (no ring)

@: no status effects
A: negative energy resistance 1, electricity resistance, unbreathing,
petrification resistance, rot immunity, AC +4
a: no special abilities


You were on level 3 of the Dungeon.
You were very hungry.

You visited 1 branch of the dungeon, and saw 3 of its levels.

You collected 90 gold pieces.

Inventory:

Hand Weapons
 m - a +0 dagger (weapon)
   (You took it off a goblin on level 1 of the Dungeon)
Missiles
 b - 76 stones (quivered)
Armour
 c - a +0 robe (worn)
Scrolls
 g - a scroll of magic mapping {unknown}
 h - 2 scrolls of remove curse {unknown}
 i - a scroll of enchant weapon {unknown}
 k - 2 scrolls of random uselessness {unknown}
 n - a scroll of identify {unknown}
Potions
 a - a potion of heal wounds {unknown}
 d - a potion of might {unknown}
 f - a potion of flight {unknown}
 j - a potion of brilliance {unknown}
 l - a potion of berserk rage {unknown}
 o - a potion of ambrosia {unknown}
Comestibles
 e - 2 rations {!d}


   Skills:
 + Level 2.5 Fighting
 - Level 1.5 Dodging
 - Level 2.1 Stealth
 + Level 3.0 Spellcasting
 - Level 0.7 Transmutations
 * Level 5.7 Earth Magic


You had 4 spell levels left.
You knew the following spells:

 Your Spells              Type           Power        Failure   Level  Hunger
a - Sandblast             Erth           ###...       1%          1    None
b - Stone Arrow           Conj/Erth      ##....       16%         3    ###....
q - Passwall              Tmut/Erth      ##......     7%          2    ##.....

Your spell library contained the following spells:

 Spells                   Type           Power        Failure   Level  Hunger
 Petrify                  Tmut/Erth      ##......     41%         4    ####...
 Lee's Rapid Deconstruct  Erth           ###.......   41%         5    ######.


Dungeon Overview and Level Annotations

Branches:
Dungeon (3/15)

Altars:
The Shining One


Innate Abilities, Weirdness & Mutations

You are resistant to torment.
Your stone body is resilient. (AC +4)
You are immune to poison.
You resist negative energy. (rN+)
You are resistant to electric shocks. (rElec)
You can survive without breathing.
You are immune to petrification.
You are immune to rotting.


Message History

b - 83 stones The goblin shouts!
You can't see any susceptible monsters within range! (Use Z to cast anyway.)
A goblin is nearby!
A goblin is nearby!
You can't see any susceptible monsters within range! (Use Z to cast anyway.)
Aim: a goblin The blast of sand hits the goblin!!
You kill the goblin!
b - 82 stones You can't see any susceptible monsters within range! (Use Z to cast anyway.)
Found a stone staircase leading up.
Found 11 gold pieces.
You see here a +0 robe.
Found a smoky ruby potion.
Found a stone staircase leading down.
You now have 90 gold pieces (gained 11).
Found a robe.
o - a smoky ruby potion You are feeling very hungry.
A bat and an ice beast come into view.
Aim: an ice beast The blast of sand hits the ice beast.
b - 81 stones
Aim: an ice beast (lightly wounded)
The blast of sand hits the ice beast but does no damage.
b - 80 stones
Aim: an ice beast (lightly wounded)
The blast of sand hits the ice beast.
b - 79 stones The ice beast hits you but does no damage.
Aim: an ice beast (moderately wounded)
The blast of sand misses the ice beast.
b - 78 stones The ice beast closely misses you.
Aim: an ice beast (moderately wounded)
The blast of sand hits the ice beast.
b - 77 stones The ice beast hits you.
The ice beast freezes you!
Aim: an ice beast (heavily wounded)
The blast of sand hits the ice beast.
b - 76 stones The ice beast hits you.
The ice beast freezes you!
* * * LOW HITPOINT WARNING * * *
The bat hits you but does no damage.
You closely miss the bat. The bat hits you but does no damage.
The ice beast hits you.
* * * LOW HITPOINT WARNING * * *
The ice beast freezes you!
You die...

..[.#####......... #.#
#....<....#...## #.#
###.##...[.#...####.#.#
.. #.............#.#.#
... ##.........#.##.#.#
..##.#.#...#.#.##.#.#
.........#.#.##.#.#
##..##.#b##.........#.#
.......Y@..<...#....#.#
...###.####...........#
#. #.##.##.#.### ##
#.........# #.##.######
#.#### #.# #.# #.#


You could see an ice beast and a bat.

Vanquished Creatures
  Jessica (D:3)
  Natasha (thrice) (D:2)
  4 gnolls (D:2)
  A ball python (D:1)
  3 bats
  A giant cockroach (D:1)
  5 goblins
  3 hobgoblins (D:1)
  5 jackals
  3 frilled lizards
  6 kobolds
  7 rats
42 creatures vanquished.

Notes
Turn   | Place    | Note
-------+----------+-------------------------------------------
     0 | D:1      | vurker the Gargoyle Earth Elementalist began the quest for
                  | the Orb.
     0 | D:1      | Reached XP level 1. HP: 10/10 MP: 3/3
   399 | D:1      | Reached skill level 4 in Earth Magic
   399 | D:1      | Reached XP level 2. HP: 16/16 MP: 5/5
   415 | D:1      | Learned a level 2 spell: Passwall
   726 | D:1      | Reached skill level 1 in Fighting
  1393 | D:2      | Reached XP level 3. HP: 15/20 MP: 3/6
  1550 | D:2      | Learned a level 3 spell: Stone Arrow
  1688 | D:2      | Reached XP level 4. HP: 26/26 MP: 4/7
  1874 | D:2      | Noticed Natasha
  1884 | D:2      | Killed Natasha
  1884 | D:2      | Reached skill level 5 in Earth Magic
  2146 | D:2      | Noticed Natasha
  2150 | D:2      | Killed Natasha
  2150 | D:2      | Reached XP level 5. HP: 30/30 MP: 5/9
  2162 | D:2      | Noticed Natasha
  2168 | D:2      | Killed Natasha
  2417 | D:2      | Found a glowing golden altar of the Shining One.
  2706 | D:3      | Noticed Jessica
  2707 | D:3      | Killed Jessica
  2785 | D:3      | Noticed an ice beast
  2794 | D:3      | Slain by an ice beast

Levels and vault maps discovered:
D:1:      shiori_arrival_maze, layout_basic, serial_forest,
          infiniplex_forest_clump_small, infiniplex_forest_end_3,
          infiniplex_forest_clump_long, infiniplex_forest_clump_medium,
          st_stairs_11
D:2:      layout_basic, nicolae_tso_swordbearing_angel, uniq_natasha
D:3:      layout_basic, nicolae_overflow_crystal_walls, chequers_mini_garden,
          minmay_misc_feat_rows, uniq_jessica

Skill      XL: |  1  2  3  4  5 |
---------------+----------------+-----
Earth Magic    | 4 5 |  5.7
Fighting       | 1 2 |  2.5
Spellcasting   | 3 |  3.0
Dodging        | |  1.5
Stealth        | |  2.1
Transmutations | |  0.7

Action                   |  1- 3 |  4- 6 || total
-------------------------+-------+-------++-------
Melee: Mace              |    39 |       ||    39
       Dagger            |    11 |    34 ||    45
 Cast: Sandblast         |    23 |    18 ||    41
 Stab: Sleeping          |     3 |     5 ||     8
  Eat: Chunk             |     3 |     2 ||     5
Armor: Robe              |    23 |    13 ||    36
Dodge: Dodged            |    44 |    18 ||    62

Table legend:
 A = Non-vault XP
 B = Vault XP
 C = Vault XP percentage of total XP
 D = Non-vault monster count
 E = Vault monster count
 F = Vault count percentage of total count
                 A         B        C        D         E       F
            +---------+---------+-------+---------+---------+-------
      Total |     174 |      80 |  31.5 |      36 |       6 |  14.3
            +---------+---------+-------+---------+---------+-------
        D:1 |      25 |       7 |  21.9 |      16 |       4 |  20.0
        D:2 |     147 |      36 |  19.7 |      19 |       1 |   5.0
        D:3 |       2 |      37 |  94.9 |       1 |       1 |  50.0
            +---------+---------+-------+---------+---------+-------
